 Dungeon Crawl Stone Soup version 0.22-a0-407-gb098539 (webtiles) character file.

43 Ijustatesigmund the Skirmisher (level 3, 0/33 HPs)
             Began as a Hill Orc Artificer on May 9, 2018.
             Succumbed to Crazy Yiuf's poison
             ... on level 3 of the Dungeon.
             The game lasted 00:04:12 (2778 turns).

Ijustatesigmund the Skirmisher (Hill Orc Artificer) Turns: 2778, Time: 00:04:13

Health: 0/33       AC:  3    Str: 14    XL:     3   Next: 58%
Magic:  4/5        EV: 17    Int: 16    God:
Gold:   50         SH:  3    Dex: 17    Spells: 2/2 levels left

rFire    . . .     SeeInvis .   a - +1 war axe
rCold    . . .     Gourm    .   (no shield)
rNeg     . . .     Faith    .   b - +0 leather armour (curse)
rPois    .         Spirit   .   (no helmet)
rElec    .         Reflect  +   (no cloak)
rCorr    .         Harm     .   (no gloves)
MR       .....                  (no boots)
Stlth    +++.......             n - +3 amulet of reflection
HPRegen  0.11/turn              (no ring)
MPRegen  0.09/turn              (no ring)

@: brilliant, agile, lethally poisoned (0 -> -13)
A: no striking features
a: no special abilities


You were on level 3 of the Dungeon.
You were hungry.

You visited 1 branch of the dungeon, and saw 3 of its levels.

You collected 50 gold pieces.

Inventory:

Hand Weapons
 a - a +1 war axe (weapon)
Armour
 b - a cursed +0 leather armour (worn)
Jewellery
 i - an uncursed ring of fire
 n - a +3 amulet of reflection (around neck)
Wands
 c - a wand of flame (10)
 d - a wand of enslavement (15)
 e - a wand of random effects (13)
Scrolls
 k - a scroll of identify {unknown}
 l - a scroll of fear
Potions
 h - a potion of brilliance
 j - a potion of berserk rage {unknown}
 m - a potion of magic {unknown}
Comestibles
 f - 5 rations


   Skills:
 - Level 4.0 Fighting
   Level 1.0 Short Blades
 + Level 0.4 Axes
 - Level 1.5 Dodging
 - Level 0.7 Stealth
 - Level 3.0 Evocations


You had 2 spell levels left.
You didn't know any spells.

Dungeon Overview and Level Annotations

Branches:
Dungeon (3/15)

Altars:
Nemelex Xobeh

Annotations:
D:3 Crazy Yiuf


Message History

Crazy Yiuf hits you with a quarterstaff of chaos.
You are lethally poisoned!
You completely miss Crazy Yiuf.
Crazy Yiuf is almost dead.
You feel sick.
Crazy Yiuf laughs, "Ten head ragdoll!"
Crazy Yiuf hits you with a quarterstaff of chaos!
* * * LOW HITPOINT WARNING * * *
You feel your power leaking away.
It was a potion of brilliance.
You feel clever all of a sudden.
* * * LOW HITPOINT WARNING * * *
You feel sick. Crazy Yiuf closely misses you.
As you read the scroll of fear, it crumbles to dust.
You assume a fearsome visage.
Crazy Yiuf looks frightened!
* * * LOW HITPOINT WARNING * * *
You feel sick.
It was a potion of agility.
You feel agile all of a sudden.
You die...

#..<....##.###.##>#
#.........#.##...#.#
+.........'........#
##############.....#
#.....#
##########.## ####
###.#....###.#
#...##..#......##.#
#.g.@.####.).)..#.##
#)..### ##..)†....#
#### ########.# .#
.# .# .# ##


You could see Crazy Yiuf (fleeing).

Vanquished Creatures
  An ooze (D:1)
  4 leopard geckos
  An orc (D:3)
  4 giant cockroaches
  5 hobgoblins
  4 jackals (D:1)
  6 bats
  2 frilled lizards
  3 kobolds
  2 rats (D:2)
32 creatures vanquished.

Notes
Turn   | Place    | Note
-------+----------+-------------------------------------------
     0 | D:1      | Ijustatesigmund the Hill Orc Artificer began the quest for the Orb.
     0 | D:1      | Reached XP level 1. HP: 16/16 MP: 3/3
    47 | D:1      | Reached skill level 2 in Fighting
    60 | D:1      | Reached XP level 2. HP: 25/25 MP: 4/4
   630 | D:1      | Reached skill level 3 in Fighting
   732 | D:1      | Reached XP level 3. HP: 13/31 MP: 5/5
  1814 | D:2      | Found a sparkling altar of Nemelex Xobeh.
  2608 | D:2      | Reached skill level 4 in Fighting
  2753 | D:3      | Found a runed door.
  2768 | D:3      | Noticed Crazy Yiuf
  2777 | D:3      | HP: 1/33 [poisoned by Crazy Yiuf]
  2778 | D:3      | Succumbed to Crazy Yiuf's poison

Vault maps used:
D:1:      kennysheep_arrival_seaside
D:2:      nemelex_altar_shiori
D:3:      tso_altar, doesnt_xom_only_xom, uniq_crazy_yiuf_cottage, uniq_terence,
          uniq_sigmund, uniq_ijyb

Skill      XL: |  1  2  3 |
---------------+----------+-----
Fighting       | 2 3 4 |  4.0
Short Blades   | |  1.0
Axes           | |  0.4
Dodging        | |  1.5
Stealth        | |  0.7
Evocations     | |  3.0

Action                   || total
-------------------------++-------
Melee: Short sword       ||   102
       Flail             ||    30
       War axe           ||     8
       Mace              ||     2
Evoke: Wand              ||     7
  Use: Scroll            ||     6
       Potion            ||     2
  Eat: Chunk             ||     5
Armor: Leather armour    ||    70
Dodge: Dodged            ||   137
Block: Other             ||     8

Table legend:
 A = Spawn XP
 B = Non-spawn XP
 C = Spawn XP percentage of total XP
 D = Spawn monster count
 E = Non-spawn monster count
 F = Spawn count percentage of total count
 G = Total turns spent on level
                    A         B        C        D         E        F      G
               +---------+---------+-------+---------+---------+-------+---------
         Total |       0 |      62 |   0.0 |       0 |      32 |   0.0 |  2778
               +---------+---------+-------+---------+---------+-------+---------
           D:1 |       0 |      41 |   0.0 |       0 |      20 |   0.0 |  1737
           D:2 |       0 |      17 |   0.0 |       0 |      10 |   0.0 |   972
           D:3 |       0 |       4 |   0.0 |       0 |       2 |   0.0 |    69
               +---------+---------+-------+---------+---------+-------+---------
